 Dungeon Crawl Stone Soup version 0.19.0 (webtiles) character file.

360 Danakh the Chopper (level 6, -1/55 HPs)
             Began as a Minotaur Fighter on Nov 5, 2016.
             Was a Follower of Yredelemnul.
             Slain by a gnoll
             ... wielding a cursed -2 whip
              (6 damage)
             ... on level 4 of the Dungeon.
             The game lasted 00:06:09 (2121 turns).

Danakh the Chopper (Minotaur Fighter)               Turns: 2121, Time: 00:06:09

Health: -1/55      AC:  8    Str: 22    XL:     6   Next: 38%
Magic:  5/5        EV:  4    Int:  5    God:    Yredelemnul [*.....]
Gold:   178        SH:  0    Dex: 10    Spells: 0 memorised, 5 levels left

rFire  . . .     SeeInvis .     a - +0 war axe
rCold  . . .     Gourm    .     b - +0 scale mail
rNeg   . . .     Faith    .     c - +0 shield
rPois  +         Spirit   .     (helmet restricted)
rElec  .         Reflect  .     (no cloak)
rCorr  .         Harm     .     p - +0 pair of gloves
MR     .....                    (no boots)
Stlth  ..........               (no amulet)
                                u - ring of poison resistance
                                t - +5 ring of slaying

@: held
A: retaliatory headbutt, horns 2
a: Animate Remains, Renounce Religion


You were on level 4 of the Dungeon.
You worshipped Yredelemnul.
Yredelemnul was aware of your devotion.
You were not hungry.

You visited 1 branch of the dungeon, and saw 4 of its levels.

You collected 178 gold pieces.

Inventory:

Hand Weapons
 a - a +0 war axe (weapon)
 q - a +1 flail of protection
Armour
 b - a +0 scale mail (worn)
 c - a +0 shield (worn)
 p - a +0 pair of gloves (worn)
Jewellery
 t - a +5 ring of slaying (left hand)
 u - a ring of poison resistance (right hand)
Scrolls
 g - 2 scrolls of identify {unknown}
 j - a scroll of immolation {unknown}
 l - 2 scrolls of amnesia {unknown}
 m - 3 scrolls of remove curse {unknown}
 o - 2 scrolls of magic mapping {unknown}
 s - a scroll of teleportation {unknown}
Potions
 d - a potion of might
 e - 3 potions of lignification {unknown}
 k - 2 potions of magic {unknown}
 r - 2 potions of degeneration {unknown}
Comestibles
 f - 3 bread rations
 h - a meat ration
 i - 7 fruits
 n - 2 beef jerkies
 v - 2 chunks of flesh


   Skills:
 + Level 4.9 Fighting
 * Level 5.6 Axes
 + Level 5.4 Armour
 + Level 4.6 Shields


You had 5 spell levels left.
You didn't know any spells.

Dungeon Overview and Level Annotations

Branches:
Dungeon (4/15)
 Temple: D:4-7

Altars:
Trog
Yredelemnul

Annotations:
D:4 Danakh's ghost, weakling MiFi


Innate Abilities, Weirdness & Mutations

You reflexively headbutt those who attack you in melee.
You have a pair of horns on your head.


Message History

Danakh's ghost hits you!
You hit Danakh's ghost. You headbutt Danakh's ghost.
Danakh's ghost is lightly damaged.
Danakh's ghost says, "You can hit me, but you can't hurt me."
You block Danakh's ghost's attack.
You hit Danakh's ghost but do no damage.
Danakh's ghost is lightly damaged.
Danakh's ghost hits you!
* * * LOW HITPOINT WARNING * * *
Danakh's ghost hits you but does no damage.
You are too injured to fight recklessly!
You slash Danakh's ghost! You headbutt Danakh's ghost!
Danakh's ghost is severely damaged.
The gnoll throws a throwing net.
The throwing net hits you.
You become entangled in the net!
Danakh's ghost completely misses you.
You struggle against the net.
Danakh's ghost hits you!
* * * LOW HITPOINT WARNING * * *
The gnoll hits you with a whip.
You die...
Your body rises from the dead as a mindless zombie.

#...........
#....##.##..
#.......#
##...#### =.
..####...# #.
.........####.#
.####.........#
#....<.....
#@g..?..###
#W#.?##.####
#.#.รท.......
#.##.##.####
#.##g# #
#.##.##.####
#.##........
#..h.......#
#..#######.#


You could see Danakh's ghost and a gnoll.

Vanquished Creatures
  A water moccasin (D:4)
  An orc priest (D:3)
  A hound (D:4)
  A gnoll shaman (D:4)
  Terence (D:2)
  3 gnolls (D:4)
  3 adders
  3 oozes (D:1)
  4 worms (D:2)
  2 leopard geckos
  3 orcs (D:3)
  8 bats
  2 giant cockroaches (D:3)
  5 hobgoblins
  6 jackals (D:1)
  8 kobolds
  A ball python (D:1)
  4 frilled lizards
  3 goblins
  8 rats
68 creatures vanquished.

Vanquished Creatures (collateral kills)
  A dart slug (D:3)
1 creature vanquished.

Grand Total: 69 creatures vanquished

Notes
Turn   | Place    | Note
-------+----------+-------------------------------------------
     0 | D:1      | Danakh the Minotaur Fighter began the quest for the Orb.
     0 | D:1      | Reached XP level 1. HP: 19/19 MP: 0/0
    48 | D:1      | Reached XP level 2. HP: 27/27 MP: 1/1
   174 | D:1      | Reached XP level 3. HP: 30/33 MP: 2/2
   690 | D:2      | Noticed Terence
   697 | D:2      | Killed Terence
   697 | D:2      | Reached XP level 4. HP: 40/40 MP: 3/3
   995 | D:2      | Noticed a moth of wrath
   998 | D:2      | Found a bloodstained altar of Trog.
  1172 | D:3      | Reached XP level 5. HP: 34/47 MP: 4/4
  1184 | D:3      | Found a faded altar of an unknown god.
  1194 | D:3      | Became a worshipper of Yredelemnul the Dark
  1194 | D:3      | Reached * piety under Yredelemnul
  1888 | D:4      | Noticed Danakh's ghost (weakling MiFi)
  1890 | D:4      | Reached skill level 5 in Armour
  1892 | D:4      | Reached skill level 5 in Axes
  2098 | D:4      | Noticed a water moccasin
  2104 | D:4      | Killed a water moccasin
  2104 | D:4      | Reached XP level 6. HP: 32/55 MP: 5/5
  2121 | D:4      | Slain by a gnoll

Skill      XL: |  1  2  3  4  5 |
---------------+----------------+-----
Axes           | 3 4 5 |  5.6
Armour         | 4 5 |  5.4
Fighting       | 4 |  4.9
Shields        | 4 |  4.6

Action                   |  1- 3 |  4- 6 || total
-------------------------+-------+-------++-------
Melee: War axe           |    74 |    89 ||   163
       Headbutt          |    15 |    13 ||    28
Invok: Animate Remains   |       |     4 ||     4
  Eat: Chunk             |       |     4 ||     4
       Pizza             |       |     1 ||     1
Armor: Scale mail        |    29 |    34 ||    63
Dodge: Dodged            |    29 |    28 ||    57
Block: Shield            |    35 |    55 ||    90
